 Dungeon Crawl Stone Soup version 0.29.1-1-gd02db6906a (webtiles) character file.

Game seed: 18298817203047183449

3748 concernfroge the Fighter (level 9, -1/78 HPs)
             Began as a Mummy Monk on Sept 18, 2022.
             Was an Initiate of Gozag.
             Slain by a killer bee (4 damage)
             ... on level 7 of the Dungeon.
             The game lasted 00:24:37 (11078 turns).

concernfroge the Fighter (Mummy Monk)              Turns: 11078, Time: 00:24:37

Health: -1/78      AC: 12    Str: 19    XL:     9   Next: 93%
Magic:  9/9        EV:  4    Int:  9    God:    Gozag
Gold:   260        SH:  7    Dex: 14    Spells: 8/8 levels left

rFire   x . .      SeeInvis .   i - +0 trident
rCold   + . .      Faith    .   d - +0 kite shield
rNeg    + + +      Spirit   .   s - +0 plate armour
rPois   ∞          Reflect  .   (no helmet)
rElec   .          Harm     .   (no cloak)
rCorr   .          Rampage  .   a - +1 pair of gloves
Will    +....                   (no boots)
Stlth   ..........              p - amulet of the acrobat
HPRegen 0.23/turn               m - +4 ring of slaying
MPRegen 0.11/turn               (no ring)

@: studying Transmutations
A: cold resistance 1, negative energy resistance 3, torment resistance 2, heat
vulnerability 1, in touch with death 1, no potions
a: Renounce Religion, Potion Petition, Call Merchant, Bribe Branch


You were on level 7 of the Dungeon.
You worshipped Gozag.
Gozag was aware of your devotion.
You visited 2 branches of the dungeon, and saw 9 of its levels.

You collected 648 gold pieces.
You spent 28 gold pieces at shops.
You paid 360 gold pieces to Gozag.

Inventory:

Hand Weapons
 i - a +0 trident (weapon)
Armour
 a - a +1 pair of gloves (worn)
 d - a +0 kite shield (worn)
 s - a +0 plate armour (worn)
Jewellery
 m - a +4 ring of slaying (left hand)
 p - an amulet of the acrobat (around neck)
Wands
 c - a wand of flame (15)
 f - a wand of polymorph (12)
Scrolls
 b - 5 scrolls of vulnerability
 g - a scroll of enchant weapon
 h - 3 scrolls of teleportation
 k - 2 scrolls of noise
 o - a scroll of enchant armour
 q - 2 scrolls of amnesia
 r - a scroll of identify


   Skills:
 - Level 10.0 Fighting
 + Level 9.4 Polearms
 - Level 2.4 Dodging
 - Level 1.6 Stealth


You had 8 spell levels left.
You didn't know any spells.
Your spell library contained the following spells:

 Spells                   Type           Power      Damage    Failure   Level
 Sandblast                Erth           0%         2d4       100%        1
 Passwall                 Tmut/Erth      0%         N/A       100%        2
 Static Discharge         Conj/Air       0%         3-3/arc   100%        2
 Gell's Gravitas          Tloc           0%         N/A       100%        3
 Lesser Beckoning         Tloc           0%         N/A       100%        3
 Stone Arrow              Conj/Erth      0%         3d7       100%        3
 Teleport Other           Tloc           0%         N/A       100%        3
 Dispel Undead            Necr           0%         3d6       100%        4
 Sticky Flame             Conj/Fire      0%         2d3       100%        4
 Death Channel            Necr           0%         N/A       100%        6
 Corpse Rot               Necr/Pois/Air  Unusable   N/A       N/A         4

Dungeon Overview and Level Annotations

Branches:
Dungeon (8/15)             Temple (1/1) D:6
   Lair: D:8-11

Altars:
Ashenzari
Dithmenos
Fedhas
Gozag
Hepliaklqana
Kikubaaqudgha
Okawaru
Qazlal
Ru
Trog
Uskayaw
Vehumet
Xom
Yredelemnul

Shops:
D:3 [   D:4 ***[   D:8 =

Annotations:
D:6 exclusion: statue


Innate Abilities, Weirdness & Mutations

You are immune to poison.
Your flesh is cold resistant. (rC+)
You are immune to negative energy. (rN+++)
You are immune to unholy pain and torment.
You are vulnerable to heat. (rF-)
You are in touch with the powers of death.
You do not drink.


Message History

The killer bee stings you but does no damage.
The killer bee barely misses you. The killer bee stings you.
You block the killer bee's attack.
You closely miss the killer bee.
The killer bee is severely wounded.
The killer bee stings you!
The killer bee stings you but does no damage.
The killer bee stings you. x2
* * * LOW HITPOINT WARNING * * *
You barely miss the killer bee.
The killer bee is severely wounded.
The killer bee barely misses you. You block the killer bee's attack. x2
The killer bee stings you but does no damage.
You miss the killer bee.
The killer bee is severely wounded.
The killer bee stings you.
* * * LOW HITPOINT WARNING * * *
The killer bee stings you but does no damage.
The killer bee stings you.
* * * LOW HITPOINT WARNING * * *
You block the killer bee's attack.
Okay, then.
Okay, then.
Aiming: Polymorph
Press: ? - help, Shift-Dir - straight line
Okay, then.
You closely miss the killer bee.
The killer bee is severely wounded.
The killer bee stings you.
* * * LOW HITPOINT WARNING * * *
The killer bee stings you.
* * * LOW HITPOINT WARNING * * *
The killer bee stings you but does no damage.
You block the killer bee's attack. x2; The killer bee barely misses you.
You barely miss the killer bee.
The killer bee is severely wounded.
The killer bee stings you but does no damage.
The killer bee stings you.
You die...
Your body crumbles into a pile of gold.

#.#.#######.....
##.#.# ###...
#....# ###.
#...## ## #...#
#..## ##...#
#$y..# #@y.##
#####


You could see 2 killer bees.

Vanquished Creatures
  Edmund (D:5)
  Duvessa (D:6)
  3 water moccasins
  An ice beast (D:6)
  2 sky beasts (D:6)
  4 black bears
  5 ogres
  A phantom (D:3)
  A kobold brigand (D:6)
  A bullfrog (D:6)
  2 necrophages (D:6)
  Blork the orc (D:5)
  2 gnoll sergeants
  5 scorpions
  5 wights
  Dowan (D:6)
  3 killer bees
  3 jellies
  3 hounds
  2 orc priests
  A gnoll bouda (D:6)
  4 iguanas
  Ijyb (D:5)
  2 orc wizards (D:7)
  12 adders
  25 gnolls
  A shadow imp (D:6)
  A white imp (D:5)
  2 ufetubi
  2 worms (D:2)
  2 dart slugs
  10 orcs
  10 ball pythons
  4 endoplasms
  2 giant cockroaches
  6 goblins
  5 hobgoblins
  4 jackals
  6 kobolds
  6 quokkas
  7 bats
  7 frilled lizards (D:3)
  4 rats
171 creatures vanquished.

Vanquished Creatures (others)
  9 plants (D:3)
9 creatures vanquished.

Grand Total: 180 creatures vanquished

Notes
Turn   | Place    | Note
-------+----------+-------------------------------------------
     0 | D:1      | concernfroge the Mummy Monk began the quest for the Orb.
     0 | D:1      | Reached XP level 1. HP: 18/18 MP: 1/1
   228 | D:1      | Reached XP level 2. HP: 18/24 MP: 2/2
   389 | D:1      | Found a faded altar of an unknown god.
   616 | D:1      | Reached skill level 4 in Fighting
  1019 | D:2      | Gained mutation: You are in touch with the powers of death.
                  | [Mummy growth]
  1019 | D:2      | Reached XP level 3. HP: 26/30 MP: 3/3
  1797 | D:3      | Reached XP level 4. HP: 25/38 MP: 4/4
  1917 | D:3      | Reached skill level 5 in Fighting
  2324 | D:3      | Found Fezepub's Armour Shoppe.
  2434 | D:3      | Noticed a phantom
  2443 | D:3      | Killed a phantom
  2444 | D:3      | Reached skill level 6 in Fighting
  2444 | D:3      | Reached XP level 5. HP: 32/46 MP: 5/5
  2992 | D:4      | Found Nan Mucheofa's CLEARANCE SALE!.
  3032 | D:4      | Bought a scroll of fear for 8 gold pieces
  3263 | D:4      | Reached XP level 6. HP: 36/53 MP: 6/6
  3404 | D:4      | Found Viffidghaem's Armour Shoppe.
  3504 | D:4      | Found a sacrificial altar of Ru.
  3543 | D:4      | You fall into a shaft and drop 1 floor!
  3543 | D:5      | Entered Level 5 of the Dungeon
  3605 | D:5      | Noticed Edmund
  3619 | D:5      | Killed Edmund
  3620 | D:5      | Reached skill level 7 in Fighting
  3736 | D:5      | Reached skill level 8 in Fighting
  3741 | D:5      | Reached XP level 7. HP: 38/62 MP: 7/7
  3947 | D:5      | Noticed Ijyb
  4071 | D:5      | Reached skill level 9 in Fighting
  4762 | D:4      | Found Gighy's General Store.
  4770 | D:4      | Bought a scroll of identify for 20 gold pieces
  5153 | D:4      | Found Hixzicea's General Store.
  5349 | D:5      | Killed Ijyb
  5586 | D:5      | Reached XP level 8. HP: 55/72 MP: 8/8
  5893 | D:5      | Reached skill level 10 in Fighting
  5897 | D:5      | Noticed Blork the orc
  5909 | D:5      | Killed Blork the orc
  6834 | D:6      | Found an iron altar of Okawaru.
  6867 | D:6      | Reached skill level 5 in Polearms
  7601 | D:6      | Reached XP level 9. HP: 66/78 MP: 9/9
  7621 | D:6      | Found a staircase to the Ecumenical Temple.
  7632 | Temple   | Entered the Ecumenical Temple
  7670 | Temple   | Became a worshipper of Gozag Ym Sagoz the Greedy
  8444 | D:6      | Noticed Dowan
  8453 | D:6      | Killed Dowan
  8454 | D:6      | Noticed Duvessa
  8476 | D:6      | Killed Duvessa
  8782 | D:6      | Found a basalt altar of Yredelemnul.
  8869 | D:6      | Found a radiant altar of Vehumet.
 10325 | D:8      | Found Qulon's Jewellery Shop.
 10915 | D:8      | Found a shadowy altar of Dithmenos.
 10924 | D:8      | Paralysed by a wight for 3 turns
 11077 | D:7      | HP: 2/78 [killer bee (3)]
 11078 | D:7      | Slain by a killer bee

Illustrated notes

Levels and vault maps discovered:
D:1:      giann_horns, layout_rooms, basic_ecumenical_altar, nicolae_titane
D:2:      layout_rooms, serial_corexii_hall, chequers_hall_statues_y,
          corexii_hall_statues_l, corexii_hall_statues_l,
          chequers_hall_statues_y, st_stairs_7, minmay_distorted
D:3:      minmay_chambers_of_twos, layout_basic, serial_shops,
          nicolae_shop_hallway_plus, dk_vineyard_2, minmay_lizard_king
D:4:      layout_gridville, mainiacjoe_overflow_24_doors, serial_shops,
          nicolae_shop_crystal, shop, kennysheep_little_box,
          nicolae_shop_clearance
D:5:      minmay_general_purpose_star, layout_basic, serial_rivers,
          chequers_serial_rivers_room_b, chequers_serial_rivers_micro_e,
          chequers_serial_rivers_micro_e, chequers_serial_rivers_micro_d,
          chequers_serial_rivers_large_b, chequers_serial_rivers_micro_e,
          minmay_misc_feat_four_crosses, uniq_blork_the_orc, uniq_ijyb,
          uniq_edmund
D:6:      minmay_clustersquares, layout_gridville, mainiacjoe_overflow_alcove_1,
          okawaru_gym_becter, vehumet_statue, minmay_temple_entry_glass,
          hangedman_decor_push, uniq_duvessa
D:7:      layout_cave_pods, serial_rivers, chequers_serial_rivers_room_b,
          chequers_serial_rivers_micro_b, chequers_serial_rivers_small_3,
          chequers_serial_rivers_micro_c, chequers_serial_rivers_micro_e
D:8:      layout_rooms, nicolae_dithmenos_shadow_blocks,
          grunt_temple_overflow_diamond, serial_curves, eino_curves_03,
          eino_curves_01, eino_curves_01, serial_shops,
          nicolae_inconvenience_store, shop
Temple:   minmay_freezing_vapour_temple

Skill      XL: |  1  2  3  4  5  6  7  8  9 |
---------------+----------------------------+-----
Fighting       | 4 6 8 9 10 | 10.0
Polearms       | 6 9 |  9.4
Dodging        | |  2.4
Stealth        | |  1.6

Action                   |  1- 3 |  4- 6 |  7- 9 || total
-------------------------+-------+-------+-------++-------
Melee: Spear             |    19 |       |       ||    19
       Quarterstaff      |   112 |   140 |    55 ||   307
       Trident           |       |       |   349 ||   349
Throw: Dart              |       |     6 |    53 ||    59
Invok: Potion Petition   |       |       |     1 ||     1
Evoke: Wand              |       |     4 |    19 ||    23
  Use: Scroll            |       |     2 |    19 ||    21
 Stab: Sleeping          |     1 |       |       ||     1
       Paralysed         |       |    10 |       ||    10
       Distracted        |       |       |     1 ||     1
Armor: Chain mail        |    94 |    81 |   153 ||   328
       Robe              |     1 |       |       ||     1
       Plate armour      |       |       |    87 ||    87
Dodge: Dodged            |    47 |    72 |   127 ||   246
Block: Kite shield       |       |       |   130 ||   130
